 Dungeon Crawl Stone Soup version 0.19.1 (webtiles) character file.

114 Peloso the Skirmisher (level 4, -8/40 HPs)
             Began as a Ghoul Fighter on Nov 26, 2016.
             Mangled by Pikel
             ... wielding a +0 whip of electrocution
              (9 damage)
             ... on level 3 of the Dungeon.
             The game lasted 00:05:55 (2199 turns).

Peloso the Skirmisher (Ghoul Fighter)               Turns: 2199, Time: 00:05:56

Health: -8/40      AC:  9    Str: 19    XL:     4   Next: 97%
Magic:  3/3        EV:  9    Int:  3    God:
Gold:   139        SH:  6    Dex:  9    Spells: 0 memorised, 3 levels left

rFire  . . .     SeeInvis .     a - +0 long sword
rCold  + . .     Gourm    .     b - +0 scale mail
rNeg   + + +     Faith    +     i - +2 buckler
rPois  ∞         Spirit   .     h - +0 helmet
rElec  .         Reflect  .     (no cloak)
rCorr  .         Harm     .     (no gloves)
MR     +....                    q - +0 pair of boots
Stlth  ..........               n - amulet of faith
                                (no ring)
                                k - ring of protection from magic

@: rotting
A: rotting body, claws 1, carnivore 3, cold resistance 1, negative energy
resistance 3, slow regeneration 1, torment resistance, unbreathing
a: no special abilities


You were on level 3 of the Dungeon.
You were not hungry.

You visited 1 branch of the dungeon, and saw 4 of its levels.

You collected 139 gold pieces.

Inventory:

Hand Weapons
 a - a +0 long sword (weapon)
 v - a cursed -2 spear
Armour
 b - a +0 scale mail (worn)
 c - a +0 shield
 h - a +0 helmet (worn)
 i - a +2 buckler (worn)
 q - a +0 pair of boots (worn)
Jewellery
 k - a ring of protection from magic (left claw)
 n - an amulet of faith (around neck)
 r - a cursed -3 ring of intelligence {unknown}
 t - an uncursed ring of wizardry {unknown}
 u - an uncursed amulet of guardian spirit {unknown}
Scrolls
 e - 5 scrolls of remove curse
 g - a scroll of recharging {unknown}
 j - a scroll of noise {unknown}
 l - 2 scrolls of identify {unknown}
 o - a scroll of immolation {unknown}
 p - 2 scrolls of enchant weapon {unknown}
Potions
 d - a potion of might
 m - a potion of cure mutation {unknown}
 s - a potion of cancellation {unknown}
 x - a potion of magic {unknown}
Comestibles
 f - a meat ration
 w - 2 chunks of flesh
 z - a beef jerky


   Skills:
 + Level 3.8 Fighting
 + Level 2.9 Long Blades
 + Level 3.3 Armour
 + Level 0.6 Dodging
 + Level 0.5 Stealth
 + Level 3.1 Shields


You had 3 spell levels left.
You didn't know any spells.

Dungeon Overview and Level Annotations

Branches:
Dungeon (4/15)
 Temple: D:4-7

Altars:
Ashenzari
Gozag
Hepliaklqana
Makhleb
Qazlal
Ru
Trog
Vehumet

Annotations:
D:3 Pikel; TheSquall's ghost, amateur MiBe


Innate Abilities, Weirdness & Mutations

Your body is rotting away.
You thrive on raw meat.
You are immune to poison.
You have sharp fingernails.
You are carnivorous and can eat meat at any time.
Your flesh is cold resistant. (rC+)
You are immune to negative energy. (rN+++)
You regenerate slowly when monsters are visible.
You are immune to unholy pain and torment.
You can survive without breathing.


Message History

Pikel is severely wounded.
Pikel hits you with a whip of electrocution.
You are electrocuted!
Pikel hits you with a whip of electrocution.
Your shield and scale mail prevent you from hitting Pikel.
Pikel is severely wounded.
Pikel hits you but does no damage.
You barely miss Pikel.
Pikel is severely wounded.
Pikel hits you but does no damage.
You closely miss Pikel.
Pikel is severely wounded.
Pikel hits you with a whip of electrocution.
* * * LOW HITPOINT WARNING * * *
You are electrocuted!
* * * LOW HITPOINT WARNING * * *
You barely miss Pikel.
Pikel is severely wounded.
Pikel hits you but does no damage. x2; You are electrocuted!
You die...

#...........###..#.
#.###.####.........
#.#......#.#######.
#.#.....%#.......#.
#.#....# #######.#.
#......# ##.#.
#....<# ###....
#K)...+ #......
#@)...######.#####
######.......#
#.####### #.# #.#
#.# #.# #.# #.#


You could see Pikel.

Vanquished Creatures
  An orc priest (D:4)
  4 adders
  A dart slug (D:3)
  2 leopard geckos
  4 orcs
  4 bats
  2 giant cockroaches
  3 goblins
  3 hobgoblins
  4 jackals (D:1)
  A frilled lizard (D:2)
  7 kobolds
  3 rats (D:1)
39 creatures vanquished.

Notes
Turn   | Place    | Note
-------+----------+-------------------------------------------
     0 | D:1      | Peloso the Ghoul Fighter began the quest for the Orb.
     0 | D:1      | Reached XP level 1. HP: 19/19 MP: 0/0
   205 | D:1      | Reached XP level 2. HP: 22/26 MP: 1/1
   565 | D:2      | Found a radiant altar of Vehumet.
   573 | D:2      | Found a sacrificial altar of Ru.
   574 | D:2      | Found a stormy altar of Qazlal.
   576 | D:2      | Found a hazy altar of Hepliaklqana.
   576 | D:2      | Found a shattered altar of Ashenzari.
   576 | D:2      | Found a bloodstained altar of Trog.
   576 | D:2      | Found an opulent altar of Gozag.
   577 | D:2      | Found a burning altar of Makhleb.
   687 | D:2      | Reached XP level 3. HP: 27/31 MP: 2/2
  1614 | D:3      | Found a faded altar of an unknown god.
  1626 | D:3      | Noticed TheSquall's ghost (amateur MiBe)
  1667 | D:2      | Reached XP level 4. HP: 26/38 MP: 3/3
  2152 | D:4      | Noticed Pikel
  2152 | D:4      | Noticed a slave
  2152 | D:4      | Noticed a slave
  2153 | D:4      | Noticed a slave
  2153 | D:4      | Noticed a slave
  2198 | D:3      | HP: 1/40 [Pikel/whip of electrocution (11)]
  2199 | D:3      | Mangled by Pikel

Skill      XL: |  1  2  3 |
---------------+----------+-----
Armour         | 3 |  3.3
Long Blades    | 2 |  2.9
Shields        | 3 |  3.1
Fighting       | |  3.8
Dodging        | |  0.6
Stealth        | |  0.5

Action                   |  1- 3 |  4- 6 || total
-------------------------+-------+-------++-------
Melee: Long sword        |   108 |    38 ||   146
  Use: Scroll            |     1 |       ||     1
  Eat: Chunk             |     4 |     8 ||    12
Armor: Scale mail        |    76 |    15 ||    91
Dodge: Dodged            |    61 |    12 ||    73
Block: Shield            |    22 |       ||    22
       Buckler           |    31 |     8 ||    39
       Rpst.: Long sword |    25 |     5 ||    30
